 Dungeon Crawl Stone Soup version 0.31-a0-1144-g99969ba (webtiles) character file.

Game seed: 13289637690456366898

2046160 Kearsarge the Shapeless Merfolk (level 27, 249/249 HPs)
             Began as a Merfolk Fighter on Dec 6, 2023.
             Was an Initiate of Gozag.
             Escaped with the Orb
             ... and 3 runes!
             The game lasted 01:16:07 (47530 turns).

Kearsarge the Shapeless Merfolk (Merfolk Fighter)  Turns: 47530, Time: 01:16:08

Health: 249/249    AC: 15    Str: 20    XL:     27
Magic:  20/20      EV: 65    Int:  8    God:    Gozag
Gold:   3343       SH:  0    Dex: 25    Spells: 26/26 levels left

rFire   + .          .
                       - Unarmed
rCold   . . .        c - melded +0 buckler
rNeg    + + .        B - melded +5 ring mail of the Armadillo {rPois rC+ Str+2 Int-4}
rPois   ∞            j - melded +1 helmet
rElec   +            p - melded +0 cloak
rCorr   .            (gloves currently unavailable)
SInv    .            r - melded +0 pair of boots
Will    ++++.        w - amulet of Vitality {RegenMP++ Regen++}
Stlth   ++           X - ring of Owinoel {rN++ Will+}
HPRegen 2.21/turn    O - ring "Raushemo" {rF+ Will+ Dex+4}
MPRegen 0.97/turn

%: no passive effects
@: storm-form, flying, studying Summonings
A: cleaving, insubstantial, flying, (nimble swimmer 2), (mertail), clumsy 1, low
MP 1, screaming 1
0: Orb of Zot
}: 3/15 runes: serpentine, barnacled, silver
a: Blinkbolt, Begin Untransformation, Renounce Religion, Potion Petition, Call
Merchant, Bribe Branch


You escaped.
You worshipped Gozag.
Gozag was most pleased with you.
You were a lightning-filled tempest!
You visited 10 branches of the dungeon, and saw 48 of its levels.
You visited 1 bazaar.
You visited 1 ziggurat, and saw 8 of its levels.
You also visited: Ossuary, Bailey and Wizlab.

You collected 29330 gold pieces.
You spent 6601 gold pieces at shops.
You paid 19386 gold pieces to Gozag.

Inventory:

Missiles
 L - 14 curare-tipped darts
 T - 4 throwing nets
Armour
 c - a +0 buckler (melded)
 j - a +1 helmet (melded)
 p - a +0 cloak (melded)
 r - a +0 pair of boots (melded)
 B - the +5 ring mail of the Armadillo (melded) {rPois rC+ Str+2 Int-4}
   (You found it on level 6 of the Dungeon)

   Str+2:     It affects your strength (+2).
   Int-4:     It affects your intelligence (-4).
   rC+:       It protects you from cold.
   rPois:     It protects you from poison
Jewellery
 w - the amulet of Vitality (around neck) {RegenMP++ Regen++}
   (You bought it in a shop on level 1 of the Shoals)

   [amulet of magic regeneration]

   RegenMP:   It increases your rate of magic regeneration.
   Regen++:   It increases your rate of health regeneration.
 D - a ring of see invisible
 O - the ring "Raushemo" (right fist) {rF+ Will+ Dex+4}
   (You bought it in a shop on level 2 of the Orcish Mines)

   [ring of protection from fire]

   Dex+4:     It affects your dexterity (+4).
   rF+:       It protects you from fire.
   Will+:     It increases your willpower.
 S - the ring "Sovveulio" {Will++ Int+6}
   (You took it off a deep elf pyromancer on level 3 of the Elven Halls)

   [ring of intelligence]

   Int+6:     It affects your intelligence (+6).
   Will++:    It greatly increases your willpower.
 X - the ring of Owinoel (left fist) {rN++ Will+}
   (You found it on level 4 of the Shoals)

   [ring of willpower]

   rN++:      It greatly protects you from negative energy.
   Will+:     It increases your willpower.
 Y - a ring of protection from cold
 Z - a ring of protection from fire
Talismans
 d - a storm talisman (active)
Wands
 b - a wand of mindburst (32)
 g - a wand of paralysis (23)
 o - a wand of polymorph (21)
 s - a wand of iceblast (31)
 y - a wand of flame (100)
 U - a wand of acid (16)
 V - a wand of digging (6)
Scrolls
 a - 5 scrolls of silence
 h - 5 scrolls of torment
 m - 11 scrolls of amnesia
 q - a scroll of blinking
 t - 3 scrolls of enchant weapon
 z - 4 scrolls of poison
 A - 20 scrolls of teleportation
 C - 4 scrolls of immolation
 F - a scroll of brand weapon
 I - 6 scrolls of fear
 K - 4 scrolls of enchant armour
 Q - 3 scrolls of fog
 R - 2 scrolls of vulnerability
 W - a scroll of butterflies
Potions
 f - 10 potions of heal wounds
 i - 16 potions of curing
 k - 7 potions of brilliance
 n - 3 potions of invisibility
 u - 7 potions of enlightenment
 v - 2 potions of haste
 x - 10 potions of mutation
 E - 7 potions of magic
 G - 5 potions of berserk rage
 H - 5 potions of cancellation
 M - 3 potions of lignification
 N - 12 potions of attraction
 P - 2 potions of resistance
Miscellaneous
 J - a phial of floods


   Skills:
 O Level 27 Fighting
 - Level 8.6 Polearms
 - Level 2.1 Armour
 O Level 27 Dodging
 + Level 6.7 Stealth
 - Level 3.0 Shields
 O Level 27 Unarmed Combat
 O Level 27 Shapeshifting


You had 26 spell levels left.
You didn't know any spells.
Your spell library contained the following spells:

 Spells                   Type           Power      Damage    Failure   Level
 Foxfire                  Conj/Fire      0%         2x1d4     41%         1
 Sandblast                Erth           0%         2d4       41%         1
 Shock                    Conj/Air       0%         1d3       41%         1
 Sting                    Tmut/Pois      0%         1d3       41%         1
 Summon Small Mammal      Summ           0%         N/A       41%         1
 Cigotuvi's Dreadful Rot  Necr/Pois/Air  0%         N/A       54%         2
 Ensorcelled Hibernation  Hex/Ice        0%         N/A       54%         2
 Jinxbite                 Hex            0%         N/A       54%         2
 Passwall                 Tmut/Erth      0%         N/A       54%         2
 Poisonous Vapours        Pois/Air       0%         N/A       54%         2
 Scorch                   Fire           0%         2d5       54%         2
 Wereblood                Tmut           0%         N/A       54%         2
 Call Canine Familiar     Summ           0%         N/A       78%         3
 Frozen Ramparts          Ice            0%         1d1       78%         3
 Hailstorm                Conj/Ice       0%         3d5       78%         3
 Ignite Poison            Fire/Tmut/Pois 0%         N/A       78%         3
 Inner Flame              Hex/Fire       0%         N/A       78%         3
 Mephitic Cloud           Conj/Pois/Air  0%         N/A       78%         3
 Stone Arrow              Conj/Erth      0%         3d7       78%         3
 Summon Guardian Golem    Hex/Summ       0%         N/A       78%         3
 Swiftness                Air            0%         N/A       78%         3
 Tukima's Dance           Hex            0%         N/A       78%         3
 Volatile Blastmotes      Fire/Tloc      0%         2d10      78%         3
 Airstrike                Air            0%         2d(0-16)  99%         4
 Anguish                  Hex/Necr       0%         N/A       99%         4
 Brom's Barrelling Bould  Conj/Erth      0%         2d3       99%         4
 Cause Fear               Hex            0%         N/A       99%         4
 Dimensional Bullseye     Hex/Tloc       0%         N/A       99%         4
 Dispel Undead            Necr           0%         3d6       99%         4
 Flame Wave               Conj/Fire      0%         2d4       99%         4
 Fulminant Prism          Conj/Hex       0%         3d5       99%         4
 Iskenderun's Mystic Bla  Conj/Tloc      0%         2d3       99%         4
 Leda's Liquefaction      Hex/Erth       0%         N/A       99%         4
 Olgreb's Toxic Radiance  Pois           0%         N/A       99%         4
 Passage of Golubria      Tloc           0%         N/A       99%         4
 Petrify                  Tmut/Erth      0%         N/A       99%         4
 Sticky Flame             Conj/Fire      0%         2d3       99%         4
 Summon Ice Beast         Ice/Summ       0%         N/A       99%         4
 Vhi's Electric Charge    Tloc/Air       0%         N/A       99%         4
 Alistair's Intoxication  Tmut/Pois      0%         N/A       100%        5
 Arcjolt                  Conj/Air       0%         1d10      100%        5
 Fireball                 Conj/Fire      0%         3d3       100%        5
 Freezing Cloud           Conj/Ice/Air   0%         6-21      100%        5
 Irradiate                Conj/Tmut      0%         3d11      100%        5
 Iskenderun's Battlesphe  Conj           0%         2d6       100%        5
 Silence                  Hex/Air        0%         N/A       100%        5
 Summon Forest            Summ/Tloc      0%         N/A       100%        5
 Summon Mana Viper        Hex/Summ       0%         N/A       100%        5
 Yara's Violent Unravell  Hex/Tmut       0%         3d3       100%        5
 Bombard                  Conj/Erth      0%         9d1       100%        6
 Conjure Ball Lightning   Conj/Air       0%         3x3d6     100%        6
 Death Channel            Necr           0%         N/A       100%        6
 Eringya's Noxious Bog    Tmut/Pois      0%         4d6       100%        6
 Plasma Beam              Fire/Air       0%         2x1d10    100%        6
 Summon Cactus Giant      Summ           0%         N/A       100%        6
 Haunt                    Necr/Summ      0%         N/A       100%        7
 Malign Gateway           Summ/Tloc      0%         N/A       100%        7
 Monstrous Menagerie      Summ           0%         N/A       100%        7
 Orb of Destruction       Conj           0%         9d5       100%        7
 Ozocubu's Refrigeration  Ice            0%         4d7       100%        7
 Spellforged Servitor     Conj/Summ      0%         N/A       100%        7
 Summon Hydra             Summ           0%         N/A       100%        7
 Discord                  Hex            0%         N/A       100%        8
 Disjunction              Tloc           0%         N/A       100%        8
 Ignition                 Fire           0%         3d3       100%        8
 Infestation              Necr           0%         N/A       100%        8
 Summon Horrible Things   Summ           0%         N/A       100%        8
 Dragon's Call            Summ           0%         N/A       100%        9
 Polar Vortex             Ice            0%         N/A       100%        9
 Sublimation of Blood     Necr           Unusable   N/A       N/A         2
 Animate Dead             Necr           Unusable   N/A       N/A         4
 Simulacrum               Ice/Necr       Unusable   N/A       N/A         6

Dungeon Overview and Level Annotations

Branches:
Dungeon (15/15)            Temple (1/1) D:7            Lair (5/5) D:11
 Shoals (4/4) Lair:2        Snake (4/4) Lair:3        Slime (0/5) Lair:5
    Orc (2/2) D:10            Elf (3/3) Orc:2        Vaults (5/5) D:14
  Crypt (0/3) Vaults:3     Depths (4/4) D:15            Zot (5/5) Depths:4
Ossuary (visited)          Bailey (visited)          WizLab (visited)

Altars:
Ashenzari
Cheibriados
Dithmenos
Elyvilon
Fedhas
Gozag
Hepliaklqana
Kikubaaqudgha
Makhleb
Nemelex Xobeh
Okawaru
Qazlal
Ru
Sif Muna
Trog
Uskayaw
Vehumet
Wu Jian
Xom
Yredelemnul
Zin
The Shining One
Jiyva
Lugonu

Shops:
D:9 [   D:10 (   D:11 *   D:12 *   Orc:2 =*[(=(**   Elf:2 *   Elf:3 (
Shoals:1 =   Snake:1 ?   Snake:2 !==   Vaults:2 =!   Vaults:5 *?!!==
Depths:1 :   Depths:4 *

Portals:
Hell: Depths:1 Depths:2
Pandemonium: Depths:2 Depths:4

Annotations:
D:4 exclusion: statue
D:8 3 runed translucent doors, Taxman1966's ghost, journeyman TrBe
Lair:5 2 transporters, exclusion: obsidian statue, wqsa789's ghost, journeyman DEVM
Elf:2 3 runed translucent doors
Zot:4 1 runed translucent door, Gusador's ghost, legendary MiFi


Innate Abilities, Weirdness & Mutations

You are a lightning-filled tempest!
Your electrical attacks strike out in all directions at once.
You are incredibly evasive.
Your insubstantial body is immune to petrification, constriction, and being set on fire You are flying.
Your armour is entirely melded.
You are incapable of wielding weapons or throwing items.
You are immune to poison.
((You are very nimble when in or above water. (Stealth+, EV+, Speed+++)))
((Your lower body shifts to a powerful aquatic tail in water.))
You are clumsy. (Dex -2)
Your magical capacity is low. (-10% MP)
You occasionally shout uncontrollably at your foes.


Message History

You blast the Hell Sentinel!!!
You punch the Hell Sentinel!
The Hell Sentinel is severely wounded.
The Hell Sentinel completely misses you. x2
You batter the Hell Sentinel!!
The Hell Sentinel is almost dead.
A Hell Sentinel is nearby!
You batter the Hell Sentinel!!
You kill the Hell Sentinel!
No target in view!
You now have 3343 gold pieces (gained 18).
Done exploring.
What level of the Dungeon? (default 1, ? - help)
There is a stone staircase leading up here.
You fly upwards.
Level annotation: exclusion: statue
There is a stone staircase leading down here.
There is a stone staircase leading up here.
You fly upwards.
There is a stone staircase leading down here.
There is an open door here.
There is an escape hatch in the floor here.
There is a stone staircase leading up here.
You fly upwards.
There is a stone staircase leading down here.
There is a stone staircase leading up here.
You fly upwards.
There is a stone staircase leading down here.
Aiming: Dig
Press: ? - help, Q - select action, (/) - cycle Shift-Dir - straight line You can't see that place. [a rock wall.]
The rock shatters into small pieces.
Blink to where?
Press: ? - help, Q - select action, (/) - cycle Dir - move target
As you read the scroll of blinking, it crumbles to dust.
Blink to where?
Press: ? - help, Q - select action, (/) - cycle Dir - move target
As you read the scroll of blinking, it crumbles to dust.
There is a staircase leading out of the dungeon here.
You have escaped! #.# #PP.PP.PP.PP.PP.PP# #.##.# #.# #PP.P.PP.P.PP.P.PP###..... #.# #PP.P.P.PPP.P.P.PP....##.# #.## #PP.P.PP.P.PP.P.PP###.##.# #..# #PP.PP.PP.PP.PP.PP# #.##.# ##.# #PPP.PP.PPP.PP.PPP# #.##.# #.# #PPP.PPP...PPP.PPP###.##.# #.# #PPPP..PPPPP..PPPP........ #.# #PPPPPP..v..PPPPPP###.###. #.# #PPPPPPPPPPPPPPPPP....#

#. #.# #.......####.##########.
#.# #..............# #.. #.#
###.....#####.#.# ###.# #.#
#.....#.# #.#.#####...#
#.#####.###.#.#####.#.##....###
#.......# #......##.#.##.##...#
#######.###.#.##.##.#.##.####.#


There were no monsters in sight!

Vanquished Creatures
  A seraph (Zot:2)
  4 dread liches
  2 orbs of fire (Zot:5)
  4 Killer Klowns
  3 curse toes
  Saint Roka (Orc:2)
  5 pandemonium lords
  Vashnia (Snake:2)
  10 golden dragons
  2 bone dragons (Depths:4)
  A Hellbinder (WizLab)
  3 electric golems
  A hellephant (WizLab)
  Jorgrun (D:12)
  3 Hell Sentinels
  9 tentacled monstrosities
  12 Orb Guardians (Zot:5)
  5 liches
  Mlioglotl (Snake:2)
  2 titans (Vaults:5)
  4 deep elf master archers (Elf:3)
  4 deep elf blademasters (Elf:3)
  5 quicksilver dragons
  An acid blob (Zig:5)
  7 sphinxes
  A walking frostbound tome (Depths:3)
  5 death cobs
  A kraken (Shoals:3)
  Aizul (Snake:2)
  Agnes (Snake:3)
  10 storm dragons
  6 shadow dragons
  6 draconian monks
  6 draconian knights
  8 tengu reavers
  A rockslime (Zig:5)
  6 fire giants
  5 nagarajas (Snake:4)
  3 draconian scorchers
  An iron dragon (Depths:3)
  14 frost giants
  3 balrugs
  11 deep elf sorcerers
  3 orc warlords
  16 vault wardens
  4 draconian shifters
  2 angels (Zot:2)
  6 spriggan defenders
  A curse skull (Zig:1)
  2 deep elf elementalists (Elf:3)
  A ghoul (Vaults:3)
  2 draconian annihilators
  A quicksilver ooze (shapeshifter) (Zig:8)
  2 draconian stormcallers
  3 cacodemons
  A demonspawn blood saint (Zig:4)
  A stone giant (shapeshifter) (Zig:8)
  7 stone giants
  23 ironbound preservers
  3 war gargoyles
  14 very ugly things
  5 ironbound thunderhulks
  5 formless jellyfish
  2 vampire knights (Depths:2)
  5 green draconians
  3 deep elf demonologists
  4 black draconians
  14 dire elephants
  2 lorocyprocas
  6 red draconians
  5 deep elf annihilators
  14 white draconians
  8 spark wasps (Depths:2)
  6 yellow draconians
  3 purple draconians (Zot:1)
  3 deep elf death magi
  9 ettins
  5 merfolk javelineers
  4 jiangshi
  2 blizzard demons
  A crystal guardian (Vaults:2)
  3 green deaths
  12 yaktaur captains
  5 fire dragons
  An entropy weaver (shapeshifter) (Elf:1)
  Josephine (D:14)
  38 vault guards
  9 merfolk impalers
  A salamander tyrant (Snake:3)
  3 hydras
  2 rakshasas
  3 hell beasts
  An entropy weaver (Vaults:2)
  6 great orbs of eyes
  3 alligator snapping turtles
  2 spriggan air magi (Depths:4)
  4 ice dragons
  4 peacekeepers
  7 ogre magi
  8 merfolk aquamancers
  7 merfolk avatars
  5 catoblepae
  9 anacondas
  21 centaur warriors
  4 satyrs (Shoals:4)
  8 ironbound frosthearts
  The ghost of Kearsarge the Destroyer, a journeyman HuCj of Gozag (D:11)
  9 boulder beetles
  8 deep troll shamans
  12 deep troll earth magi
  14 two-headed ogres
  20 dancing weapons
  3 death yaks
  5 tengu warriors
  5 naga warriors
  2 vampire magi
  A thrashing horror (Zig:6)
  2 spectral dire elephants (Lair:5)
  2 occultists
  3 spriggan berserkers
  5 shock serpents
  15 naga sharpshooters
  7 orc high priests
  6 hell knights
  10 deep elf knights
  A shock serpent (shapeshifter) (Vaults:1)
  3 soul eaters
  4 skysharks
  A skyshark (shapeshifter) (Vaults:5)
  A wretched star (Zig:6)
  5 sun demons
  7 iron trolls
  4 skeletal warriors (D:14)
  11 sixfirhies
  12 sea snakes
  A cherub (Zot:2)
  2 fire crabs (shapeshifter)
  2 salamander mystics
  A spectral anaconda (Lair:5)
  63 deep trolls
  6 glowing orange brains
  4 bog bodies (Shoals:2)
  A glowing orange brain (shapeshifter) (Depths:4)
  An obsidian statue (Depths:1)
  4 shadow demons
  24 ironbound convokers
  7 arcanists
  8 naga ritualists
  8 deep elf archers
  10 lindwurms
  7 necromancers
  8 phantasmal warriors
  A lindwurm (shapeshifter) (Depths:3)
  5 mana vipers
  18 harpies
  6 orc sorcerers
  14 orc knights
  27 deep elf pyromancers
  21 deep elf zephyrmancers
  12 salamanders
  3 shining eyes
  Maurice (D:8)
  7 starcursed masses (Zig:6)
  8 cyclopes
  A frost giant zombie (Vaults:4)
  41 ugly things
  An elephant (shapeshifter) (Vaults:5)
  A worldbinder (Zig:6)
  13 fauns
  13 manticores
  11 moths of wrath
  3 apocalypse crabs
  7 elephants (Lair:5)
  A black mamba (shapeshifter) (Elf:1)
  13 naga magi
  A guardian serpent (Snake:4)
  2 manticores (shapeshifter)
  2 centaur zombies (D:15)
  3 kobold blastminers (Orc:1)
  A dire elephant zombie (Lair:5)
  14 merfolk sirens
  A frost giant skeleton (Vaults:4)
  2 rust devils
  21 vault sentinels
  2 ice statues (Shoals:4)
  5 water nymphs
  35 black mambas
  A water nymph (shapeshifter) (Zig:6)
  2 hellions
  An eye of devastation (Depths:3)
  15 cane toads
  3 smoke demons
  3 orange demons
  30 yaktaurs
  A large abomination (D:15)
  2 centaur skeletons (D:15)
  A dire elephant skeleton (Lair:5)
  6 komodo dragons
  A gargoyle (D:12)
  A kobold demonologist (D:12)
  4 rime drakes
  3 freezing wraiths
  2 tormentors
  2 efreet
  3 red devils
  10 trolls
  An ice devil (Depths:1)
  A tengu conjurer (D:15)
  A troll (shapeshifter) (Elf:1)
  7 hellwings
  A merfolk (shapeshifter) (Vaults:5)
  34 merfolk
  7 wind drakes
  10 hornets
  4 dream sheep (Lair:4)
  8 polar bears
  27 blink frogs
  2 wolf spider simulacra
  A human simulacrum (Vaults:4)
  Prince Ribbit (Bailey)
  6 glass eyes
  3 snapping turtles
  A jumping spider (shapeshifter) (D:14)
  Sigmund (D:6)
  2 centaur simulacra (D:12)
  16 slime creatures
  8 spriggans
  A stone giant simulacrum (Vaults:4)
  2 ynoxinuls
  3 air elementals
  3 shadows
  27 water elementals
  4 wraiths
  A vampire (D:13)
  7 wyverns
  4 fire elementals
  A golden eye (Zig:6)
  38 yaks
  10 humans (Bailey)
  4 chaos spawn
  4 basilisks
  A steam dragon (Lair:2)
  2 neqoxecs
  A redback (Vaults:2)
  2 spectral cane toads (Lair:5)
  3 vampire mosquitoes (D:13)
  40 nagas
  A warg (Orc:2)
  An acid dragon (D:14)
  A swamp worm (shapeshifter) (Vaults:1)
  28 water moccasins
  An ettin simulacrum (Vaults:4)
  4 elephant zombies (Lair:5)
  52 orc warriors
  3 sky beasts
  4 ice beasts
  5 black bears
  14 centaurs
  8 ogres
  5 boggarts (D:15)
  An elephant skeleton (Lair:5)
  11 wolves
  2 phantoms
  15 bullfrogs
  3 kobold brigands
  8 scorpions
  4 earth elementals
  10 wights (D:8)
  5 cane toad simulacra (Lair:5)
  A hornet simulacrum (D:15)
  11 killer bees
  An elephant simulacrum (Lair:5)
  A vampire bat (D:6)
  3 howler monkeys (D:10)
  An electric eel (Lair:4)
  2 jellies
  3 hounds
  35 orc priests
  4 sleepcaps
  12 hell rats (Lair:3)
  3 iguanas
  30 orc wizards
  A mummy (Ossuary)
  4 gnolls
  5 adders
  4 white imps
  5 ufetubi (D:12)
  A worm (D:4)
  4 dart slugs
  107 orcs
  4 bat skeletons (D:6)
  A bat zombie (D:6)
  7 endoplasms
  3 giant cockroaches
  7 gnoll zombies (Ossuary)
  9 goblins
  10 hobgoblins
  7 jackals
  4 quokkas
  6 ball pythons
  5 bats
  2 bat simulacra (Ossuary)
  A frilled lizard (D:3)
  5 goblin simulacra (Ossuary)
  2 goblin zombies (Ossuary)
  5 hobgoblin zombies (Ossuary)
  15 kobolds
  2 kobold simulacra (Ossuary)
  6 kobold zombies (Ossuary)
  5 orc zombies (Ossuary)
  4 rats
  5 rat simulacra (Ossuary)
  A spectral weapon (Depths:4)
2130 creatures vanquished.

Vanquished Creatures (collateral kills)
  2 dread liches (Zot:5)
  An orb of fire (Zot:5)
  2 Killer Klowns (Zot:5)
  A curse toe (Zot:5)
  A golden dragon (Zot:5)
  5 Orb Guardians (Zot:5)
  A tentacled monstrosity (Zot:5)
  An Executioner (Zot:4)
  A storm dragon (Zot:5)
  2 draconian monks (Zot:5)
  A draconian scorcher (Zot:5)
  A draconian stormcaller (Zot:5)
  A draconian annihilator (Zot:5)
  2 black draconians (Zot:5)
  A yellow draconian (Zot:5)
  A red draconian (Zot:5)
  A neqoxec (Zot:5)
25 creatures vanquished.

Vanquished Creatures (others)
  2 dread liches (Zot:5)
  2 ancient liches (Zot:5)
  A Killer Klown (Zot:5)
  2 tentacled monstrosities (Zot:5)
  8 Orb Guardians (Zot:5)
  A draconian knight (Zot:1)
  A draconian monk (Zot:5)
  A draconian shifter (Zot:5)
  A ghost moth (Zot:1)
  A draconian stormcaller (Zot:5)
  A green draconian (Zot:5)
  A white draconian (Zot:5)
  A black draconian (Zot:5)
  A red draconian (Zot:5)
  A deep troll earth mage (Vaults:3)
  An arcanist (Vaults:3)
  A deep elf zephyrmancer (Elf:2)
  2 ugly things (Vaults:3)
  A deep elf pyromancer (Elf:1)
  A moth of wrath (Zot:5)
  An elephant zombie (Lair:5)
  An orc priest (Orc:2)
  4 tentacles (Shoals:3)
37 creatures vanquished.

Grand Total: 2192 creatures vanquished

Notes
Turn   | Place    | Note
-------+----------+-------------------------------------------
     0 | D:1      | Kearsarge the Merfolk Fighter began the quest for the Orb.
     0 | D:1      | Reached XP level 1. HP: 18/18 MP: 1/1
    78 | D:1      | Reached XP level 2. HP: 23/24 MP: 2/2
   437 | D:1      | Found a faded altar of an unknown god.
   442 | D:1      | Reached XP level 3. HP: 30/30 MP: 3/3
   879 | D:2      | Reached XP level 4. HP: 38/38 MP: 4/4
   999 | D:2      | Found a shadowy altar of Dithmenos.
  1315 | D:2      | Identified the +3 leather armour of Amorality {rC+}
  2097 | D:4      | Noticed a black bear
  2101 | D:4      | Killed a black bear
  2102 | D:4      | Reached skill level 5 in Fighting
  2102 | D:4      | Reached skill level 5 in Polearms
  2102 | D:4      | Reached XP level 5. HP: 44/44 MP: 5/5
  2146 | D:4      | Reached XP level 6. HP: 51/51 MP: 6/6
  2300 | D:4      | Found a radiant altar of Vehumet.
  2566 | D:5      | Entered Level 5 of the Dungeon
  2589 | D:5      | Reached XP level 7. HP: 55/59 MP: 7/7
  3032 | D:5      | Reached XP level 8. HP: 67/67 MP: 8/8
  3223 | D:5      | Reached skill level 1 in Shapeshifting
  3314 | D:6      | Identified the +5 ring mail of the Armadillo {rPois rC+
                  | Str+2 Int-4}
  3422 | D:6      | Found a sand-covered staircase.
  3456 | Ossuary  | Entered an ossuary
  3729 | D:6      | Noticed Sigmund
  3738 | D:6      | Killed Sigmund
  3789 | D:6      | Found a white marble altar of Elyvilon.
  3839 | D:6      | Reached skill level 5 in Shapeshifting
  4003 | D:6      | Found an ancient bone altar of Kikubaaqudgha.
  4061 | D:6      | Found a basalt altar of Yredelemnul.
  4508 | D:7      | Reached XP level 9. HP: 70/72 MP: 9/9
  4610 | D:7      | Found a sparkling altar of Nemelex Xobeh.
  4870 | D:7      | Reached skill level 10 in Shapeshifting
  4902 | D:7      | Noticed a cyclops
  4902 | D:7      | Noticed a two-headed ogre
  4902 | D:7      | Noticed a manticore
  4978 | D:7      | Killed a cyclops
  5057 | D:7      | Killed a manticore
  5058 | D:7      | Reached skill level 5 in Unarmed Combat
  5476 | D:7      | Reached XP level 10. HP: 79/79 MP: 10/10
  5487 | D:7      | Noticed a cyclops
  5504 | D:7      | Killed a cyclops
  5686 | D:7      | Found a staircase to the Ecumenical Temple.
  5742 | Temple   | Entered the Ecumenical Temple
  5748 | Temple   | Became a worshipper of Gozag Ym Sagoz the Greedy
  5890 | D:8      | Found a hazy altar of Hepliaklqana.
  5997 | D:8      | Found a runed translucent gate.
  5997 | D:8      | Found a runed translucent gate.
  5997 | D:8      | Found a runed translucent gate.
  6042 | D:8      | Found a flagged portal.
  6130 | Bailey   | Entered a bailey
  6499 | Bailey   | Reached skill level 10 in Unarmed Combat
  6584 | Bailey   | Noticed Prince Ribbit
  6595 | Bailey   | Noticed a vault guard
  6600 | Bailey   | Killed Prince Ribbit
  6619 | Bailey   | Killed a vault guard
  6620 | Bailey   | Reached XP level 11. HP: 71/87 MP: 11/11
  6736 | Bailey   | Noticed a vault guard
  6746 | Bailey   | Killed a vault guard
  6927 | D:8      | Noticed Maurice
  6935 | D:8      | Maurice stole a serpent talisman
  6944 | D:8      | Maurice stole a ring of fire
  6946 | D:8      | Killed Maurice
  7095 | D:8      | Noticed Taxman1966's ghost (journeyman TrBe)
  7556 | D:9      | Noticed a two-headed ogre
  7561 | D:9      | Killed a two-headed ogre
  7571 | D:9      | Noticed a two-headed ogre
  7575 | D:9      | Killed a two-headed ogre
  7866 | D:9      | Paralysed by an orc for 4 turns
  7909 | D:9      | Found a burning altar of Makhleb.
  8122 | D:9      | Found a sacrificial altar of Ru.
  8432 | D:10     | Entered Level 10 of the Dungeon
  8469 | D:10     | Found a stormy altar of Qazlal.
  8488 | D:10     | Noticed a two-headed ogre
  8498 | D:10     | Killed a two-headed ogre
  8499 | D:10     | Reached skill level 10 in Fighting
  8688 | D:10     | Found Esoud's Antique Weapon Shop.
  8727 | D:10     | Found an iron altar of Okawaru.
  8787 | D:10     | Found a staircase to the Orcish Mines.
  9554 | D:11     | Noticed a cyclops
  9593 | D:10     | Reached XP level 12. HP: 65/99 MP: 12/12
 10002 | D:11     | Found a runed translucent door.
 10002 | D:11     | Noticed Kearsarge's ghost (journeyman HuCj)
 10046 | D:11     | Found a staircase to the Lair.
 10137 | D:11     | Killed Kearsarge's ghost
 10199 | D:11     | You fall into a shaft and drop 1 floor!
 10209 | D:12     | Noticed Jorgrun
 10220 | D:12     | Killed Jorgrun
 10401 | D:12     | Reached skill level 15 in Unarmed Combat
 10462 | D:12     | Noticed a two-headed ogre
 10474 | D:12     | Killed a two-headed ogre
 10844 | D:12     | Bought a scroll of poison for 60 gold pieces
 10844 | D:12     | Bought a scroll of identify for 30 gold pieces
 11122 | D:12     | Noticed a boulder beetle
 11136 | D:12     | Killed a boulder beetle
 11205 | D:12     | Found a corrupted altar of Lugonu.
 11470 | Orc:1    | Entered Level 1 of the Orcish Mines
 11537 | Orc:1    | Noticed a boulder beetle
 11559 | Orc:1    | Killed a boulder beetle
 11560 | Orc:1    | Reached XP level 13. HP: 54/109 MP: 13/13
 11873 | Orc:2    | Entered Level 2 of the Orcish Mines
 11873 | Orc:2    | Noticed Saint Roka
 11873 | Orc:2    | Found a staircase to the Elven Halls.
 12458 | Orc:2    | Paralysed by an orc sorcerer for 4 turns
 12528 | Orc:2    | Found Zinnitax's Assorted Antiques.
 12569 | Orc:2    | Bought a scroll of teleportation for 75 gold pieces
 12569 | Orc:2    | Bought a yellow potion for 22 gold pieces
 12663 | Orc:2    | Killed Saint Roka
 13033 | Orc:2    | Found Keenunux's Antique Weapon Boutique.
 13107 | Orc:2    | Found Zitoxoy's General Store.
 13522 | Orc:2    | Found Fiupun's Antique Armour Shop.
 13522 | Orc:2    | Noticed an orc warlord
 13655 | Orc:2    | Bought a scroll of silence for 133 gold pieces
 13655 | Orc:2    | Bought a scroll of fog for 56 gold pieces
 14633 | Orc:2    | Killed an orc warlord
 14694 | Orc:2    | Reached XP level 14. HP: 72/120 MP: 14/14
 14924 | Orc:2    | Found Ukeupsa's General Store.
 14924 | Orc:2    | Found Raruv's Jewellery Boutique.
 14926 | Orc:2    | Found Hatydd's Antique Weapon Shop.
 14940 | Orc:2    | Bought a potion of curing for 42 gold pieces
 14940 | Orc:2    | Bought a potion of curing for 42 gold pieces
 15084 | Orc:2    | Bought a storm talisman for 1120 gold pieces
 15254 | Lair:1   | Entered Level 1 of the Lair of Beasts
 16044 | Lair:2   | Identified the +2 long sword of the Throat {holy, Contam
                  | +Blink rElec rPois}
 16287 | Lair:2   | Found a staircase to the Shoals.
 17840 | Lair:3   | Found a staircase to the Snake Pit.
 18805 | Lair:4   | Reached skill level 15 in Shapeshifting
 19401 | Lair:4   | Reached XP level 15. HP: 126/126 MP: 15/15
 19727 | Lair:5   | Entered Level 5 of the Lair of Beasts
 19727 | Lair:5   | Found an iron altar of Okawaru.
 20393 | Lair:5   | Identified the +8 chain mail of the Tundras {rPois Dex+3}
 20400 | Lair:5   | Found a viscous altar of Jiyva.
 20400 | Lair:5   | Found a staircase to the Slime Pits.
 20609 | Lair:5   | Noticed wqsa789's ghost (journeyman DEVM)
 20616 | Lair:5   | Found a transporter.
 20619 | Lair:5   | Found a transporter.
 22594 | D:11     | Bought a scroll of teleportation for 93 gold pieces
 22594 | D:11     | Bought a potion of lignification for 93 gold pieces
 22594 | D:11     | Bought a potion of might for 124 gold pieces
 22637 | Orc:2    | Bought the ring "Raushemo" {rF+ Will+ Dex+4} for 644 gold
                  | pieces
 22781 | D:13     | Reached skill level 1 in Dodging
 23322 | D:13     | Identified the +8 dagger "Jarrican" {pain, SInv}
 23805 | D:14     | Noticed Josephine
 23808 | D:14     | Killed Josephine
 23819 | D:14     | Reached skill level 5 in Dodging
 23996 | D:14     | Found a gate to the Vaults.
 23999 | D:14     | Reached XP level 16. HP: 68/133 MP: 16/16
 24484 | D:14     | Found a white marble altar of Elyvilon.
 24680 | D:14     | Found a shimmering altar of Xom.
 24867 | D:15     | Entered Level 15 of the Dungeon
 26099 | D:15     | Found a staircase to the Depths.
 26412 | Snake:1  | Entered Level 1 of the Snake Pit
 27018 | Snake:1  | Bought a scroll of teleportation for 51 gold pieces
 27018 | Snake:1  | Bought a scroll of teleportation for 51 gold pieces
 27018 | Snake:1  | Bought a scroll of teleportation for 51 gold pieces
 27102 | Snake:2  | Noticed Mlioglotl
 27110 | Snake:2  | Killed Mlioglotl
 27194 | Snake:2  | Identified a scroll of acquirement
 27230 | Snake:2  | Acquired 1108 gold pieces
 27405 | Snake:2  | Found Zonutt's Jewellery Emporium.
 27412 | Snake:2  | Bought an amulet of regeneration for 630 gold pieces
 27417 | Snake:2  | Found Xyagum's Distillery.
 27429 | Snake:2  | Bought a potion of berserk rage for 75 gold pieces
 27429 | Snake:2  | Bought a potion of haste for 150 gold pieces
 27429 | Snake:2  | Bought 2 potions of curing for 90 gold pieces
 27429 | Snake:2  | Bought a potion of curing for 45 gold pieces
 27783 | Snake:2  | Noticed Vashnia
 27787 | Snake:2  | Reached skill level 10 in Dodging
 27999 | Snake:2  | Identified the serpent talisman of Lageba {*Slow rPois rF+}
 27999 | Snake:2  | Noticed Aizul
 28011 | Snake:2  | Killed Aizul
 28057 | Snake:2  | Reached XP level 17. HP: 128/139 MP: 17/17
 28511 | Snake:3  | Noticed Agnes
 28518 | Snake:3  | Killed Agnes
 29021 | Snake:4  | Entered Level 4 of the Snake Pit
 29801 | Snake:4  | Noticed a quicksilver dragon
 29803 | Snake:4  | Reached skill level 15 in Dodging
 29808 | Snake:4  | Killed a quicksilver dragon
 29894 | Snake:4  | Got a serpentine rune of Zot
 30057 | Snake:2  | Reached XP level 18. HP: 146/146 MP: 18/18
 30088 | Snake:2  | Killed Vashnia
 30311 | Shoals:1 | Entered Level 1 of the Shoals
 31949 | Shoals:3 | Reached skill level 15 in Fighting
 32299 | Shoals:4 | Entered Level 4 of the Shoals
 32534 | Shoals:4 | Identified the ring of Owinoel {rN++ Will+}
 32606 | Shoals:4 | Found a frozen archway.
 32612 | Shoals:4 | Reached XP level 19. HP: 138/157 MP: 19/19
 33025 | Shoals:4 | Identified the +11 short sword of Untimely Demise {heavy,
                  | rC++}
 33164 | Shoals:4 | Identified the maw talisman "Idwobame" {Will+++ Str-5 Int-4
                  | Stlth+}
 33203 | Shoals:4 | Got a barnacled rune of Zot
 33239 | Shoals:4 | Got the Atlas of Transmigration and Bewitchment
 33262 | Shoals:4 | Identified the +2 dagger of Balance {heavy, rCorr Str+3}
 33514 | Shoals:1 | Bought the amulet of Vitality {RegenMP++ Regen++} for 2100
                  | gold pieces
 33514 | Shoals:1 | Found the amulet of Vitality {RegenMP++ Regen++}
 33620 | Elf:1    | Entered Level 1 of the Elven Halls
 34415 | Elf:2    | Found Huixty's Assorted Antiques.
 34526 | Elf:2    | Bought a scroll of poison for 88 gold pieces
 34791 | Elf:2    | Found a runed translucent gate.
 34791 | Elf:2    | Found a runed translucent gate.
 34792 | Elf:2    | Found a runed translucent gate.
 35022 | Elf:3    | Entered Level 3 of the Elven Halls
 35088 | Elf:3    | Reached XP level 20. HP: 170/170 MP: 20/20
 35470 | Elf:3    | Identified the ring "Sovveulio" {Will++ Int+6}
 35930 | Elf:3    | Identified the +1 spear of the Bashing Wasp {heavy, rElec
                  | Will+}
 35936 | Elf:3    | Identified the staff of Disembowelment {rF+ Int+3 Summ
                  | Fire}
 35947 | Elf:3    | Identified the +6 longbow "Plog" {drain, Dex+3}
 35949 | Elf:3    | Identified the +8 morningstar of Riajuhep {freeze, Int+5}
 35978 | Elf:3    | Got the Spellbook of Transforming Hypothermia
 35982 | Elf:3    | Identified the +1 falchion "Coept" {heavy, rPois rN+}
 35990 | Elf:3    | Identified the +0 robe "Biaschuo" {rPois Str+8 Int-2}
 35997 | Elf:3    | Identified the +9 shortbow of Fej Gung {flame, rN++ Str-5
                  | SInv Stlth+}
 36023 | Elf:3    | Identified the ring "Rauraud" {Fly AC+4}
 36354 | Vaults:1 | Entered Level 1 of the Vaults
 36752 | Vaults:1 | Found a magical portal.
 36758 | WizLab   | Entered The Hall of the Hellbinder
 36782 | WizLab   | Reached skill level 27 in Shapeshifting
 36803 | WizLab   | Reached XP level 21. HP: 179/183 MP: 21/21
 36943 | WizLab   | Noticed Qisiah
 36944 | WizLab   | Found a burning altar of Makhleb.
 36947 | WizLab   | Gained mutation: You possess an exceptional clarity of
                  | mind. [a cacodemon]
 36950 | WizLab   | Killed Qisiah the Hellbinder
 37046 | WizLab   | Got the Directory of Generation
 37747 | Vaults:2 | Bought a potion of might for 64 gold pieces
 37747 | Vaults:2 | Bought a potion of heal wounds for 80 gold pieces
 37747 | Vaults:2 | Bought a potion of invisibility for 128 gold pieces
 38033 | Vaults:2 | Found Pigeoc's Jewellery Emporium.
 38801 | Vaults:3 | Reached XP level 22. HP: 194/196 MP: 22/22
 38965 | Vaults:3 | Found a transporter.
 38972 | Vaults:3 | Found a flickering gateway to a bazaar.
 38979 | Bazaar   | Entered a bazaar
 38979 | Bazaar   | Found Yfoiwung's Antique Weapon Shop.
 38994 | Bazaar   | Found Ogreocwe's Assorted Antiques.
 38997 | Bazaar   | Found Meuq's Weapon Emporium.
 39000 | Bazaar   | Found Ceujuntisi's Book Shop.
 39217 | Vaults:3 | Found a staircase to the Crypt.
 39365 | Vaults:3 | Found a transporter.
 39532 | Vaults:3 | Identified the amulet of Ges Ank {Faith Dex+3 Slay+2}
 39543 | Vaults:3 | Identified the amulet "Olluett" {Faith Harm *Slow rPois}
 40758 | Vaults:5 | Entered Level 5 of the Vaults
 40774 | Vaults:5 | Found Wopnikh's Magic Scroll Shop.
 40797 | Vaults:5 | Reached XP level 23. HP: 207/207 MP: 23/23
 40799 | Vaults:5 | Noticed a dread lich
 40811 | Vaults:5 | Killed a dread lich
 40918 | Vaults:5 | Identified the ring of Beeggag {rN+ Str+6}
 40948 | Vaults:5 | Found Teul's Jewellery Boutique.
 40958 | Vaults:5 | Found Isa Suas's Distillery.
 41032 | Vaults:5 | Bought a potion of heal wounds for 70 gold pieces
 41235 | Vaults:5 | Got a silver rune of Zot
 41429 | Vaults:5 | Found Pypsum's Jewellery Shoppe.
 41429 | Vaults:5 | Noticed a golden dragon
 41429 | Vaults:5 | Identified the +5 hand axe of Ziecath {flame, Fly rElec
                  | MP+9}
 41435 | Vaults:5 | Killed a golden dragon
 41661 | Vaults:5 | Noticed a golden dragon
 41668 | Vaults:5 | Killed a golden dragon
 41736 | Vaults:5 | Noticed a golden dragon
 41745 | Vaults:5 | Killed a golden dragon
 41814 | Vaults:5 | Found Hinuhaty's Distillery.
 41861 | Vaults:5 | Bought a potion of might for 44 gold pieces
 41861 | Vaults:5 | Bought a potion of haste for 110 gold pieces
 41861 | Vaults:5 | Bought a potion of cancellation for 88 gold pieces
 41884 | Vaults:5 | Noticed a golden dragon
 41899 | Vaults:5 | Killed a golden dragon
 42100 | Vaults:5 | Found Leng's General Store.
 42106 | Vaults:5 | Bought a scroll of fear for 76 gold pieces
 42106 | Vaults:5 | Bought a scroll of butterflies for 76 gold pieces
 42330 | Depths:1 | Entered Level 1 of the Depths
 42510 | Depths:1 | Reached XP level 24. HP: 218/218 MP: 23/23
 42513 | Depths:1 | Lost mutation: You possess an exceptional clarity of mind.
                  | [a cacodemon]
 42516 | Depths:1 | You are sucked into a shaft and drop 1 floor!
 42549 | Depths:2 | Found a gateway to Hell.
 42621 | Depths:2 | Found a hide-covered altar of Uskayaw.
 42905 | Depths:1 | Found an opulent altar of Gozag.
 42917 | Depths:1 | Found Cyotozxes's One-of-a-Kind Books.
 42988 | Depths:1 | Gained mutation: Your magical capacity is low. (-10% MP) [a
                  | cacodemon]
 42991 | Depths:1 | Gained mutation: You are clumsy. (Dex -2) [a cacodemon]
 43591 | Depths:2 | Found a one-way gate leading to the halls of Pandemonium.
 43798 | Depths:2 | Got Xaoliqiwk's Directory of Limned Gases
 43800 | Depths:2 | Got the Grimoire of Accelerants and Left-Handed Acts
 44279 | Depths:3 | Found a one-way gateway to a ziggurat.
 44293 | Zig:1    | Entered Level 1 of a ziggurat
 44305 | Zig:2    | Entered Level 2 of a ziggurat
 44324 | Zig:3    | Entered Level 3 of a ziggurat
 44359 | Zig:4    | Entered Level 4 of a ziggurat
 44363 | Zig:4    | Noticed Topal the pandemonium lord
 44364 | Zig:4    | Found the +10 Black Knight's barding {ponderous, rPois rN+}
 44371 | Zig:4    | Killed Topal the pandemonium lord
 44377 | Zig:4    | Identified the staff of Yheb {+Blink rN+ Necro}
 44393 | Zig:5    | Entered Level 5 of a ziggurat
 44438 | Zig:6    | Entered Level 6 of a ziggurat
 44488 | Zig:6    | Got the Directory of Sweltering Hexing
 44506 | Zig:7    | Entered Level 7 of a ziggurat
 44533 | Zig:7    | Reached XP level 25. HP: 106/228 MP: 20/20
 44597 | Zig:7    | Reached XP level 26. HP: 236/236 MP: 20/20
 44603 | Zig:7    | Got the Annotations on Metamorphic Graupel
 44620 | Zig:8    | Entered Level 8 of a ziggurat
 44625 | Zig:8    | Noticed a Killer Klown
 44626 | Zig:8    | Noticed Boxinnun the pandemonium lord
 44626 | Zig:8    | Noticed a Killer Klown
 44626 | Zig:8    | Noticed Woal the pandemonium lord
 44629 | Zig:8    | Killed a Killer Klown
 44633 | Zig:8    | Killed Woal the pandemonium lord
 44635 | Zig:8    | Killed a Killer Klown
 44636 | Zig:8    | Killed Boxinnun the pandemonium lord
 44725 | Depths:4 | Entered Level 4 of the Depths
 45256 | Depths:4 | Found Cir Ituc's General Store.
 45507 | Depths:4 | Found a gate to the Realm of Zot.
 45513 | Zot:1    | Entered Level 1 of the Realm of Zot
 45532 | Zot:1    | Identified the +0 pair of boots "Viveb" {rF- rC++ MP+9
                  | Dex+2}
 45899 | Zot:2    | Noticed a Killer Klown
 45910 | Zot:2    | Killed a Killer Klown
 46151 | Zot:3    | Identified the +1 robe "Raph" {Int+2}
 46257 | Zot:4    | Reached XP level 27. HP: 247/247 MP: 20/20
 46299 | Zot:4    | Found a runed translucent door.
 46300 | Zot:4    | Found a shimmering altar of Xom.
 46300 | Zot:4    | Noticed Gusador's ghost (legendary MiFi)
 46305 | Zot:5    | Entered Level 5 of the Realm of Zot
 46514 | Zot:5    | Noticed a dread lich
 46515 | Zot:5    | Noticed a dread lich
 46515 | Zot:5    | Noticed an orb of fire
 46519 | Zot:5    | Noticed an ancient lich
 46521 | Zot:5    | Noticed an ancient lich
 46534 | Zot:5    | Killed a dread lich
 46540 | Zot:5    | Reached skill level 27 in Fighting
 46552 | Zot:5    | Reached skill level 27 in Dodging
 46565 | Zot:5    | Noticed a dread lich
 46569 | Zot:5    | Noticed a dread lich
 46571 | Zot:5    | Noticed an orb of fire
 46572 | Zot:5    | Noticed a dread lich
 46576 | Zot:5    | Killed a dread lich
 46580 | Zot:5    | Killed a dread lich
 46583 | Zot:5    | Noticed an orb of fire
 46584 | Zot:5    | Killed a dread lich
 46591 | Zot:5    | Noticed an orb of fire
 46603 | Zot:5    | Noticed a dread lich
 46606 | Zot:5    | Killed an orb of fire
 46610 | Zot:5    | Killed an orb of fire
 46615 | Zot:5    | Killed a dread lich
 46620 | Zot:5    | Gained mutation: You occasionally shout uncontrollably at
                  | your foes. [an orb of fire]
 46626 | Zot:5    | Killed an orb of fire
 46772 | Zot:5    | Identified the +12 longbow of Xoenijo {drain, rN+ Will+
                  | Str+2}
 46836 | Zot:5    | Got the Orb of Zot
 47009 | Zot:2    | Noticed a seraph
 47011 | Zot:2    | Identified the +3 tower shield of Magic {Int+3}
 47017 | Zot:2    | Killed a seraph
 47018 | Zot:2    | Reached skill level 27 in Unarmed Combat
 47191 | D:15     | Noticed Jywk the pandemonium lord
 47196 | D:15     | Killed Jywk the pandemonium lord
 47197 | D:15     | Reached skill level 5 in Stealth
 47277 | D:14     | Noticed Baeduani the pandemonium lord
 47280 | D:14     | Killed Baeduani the pandemonium lord
 47530 | D:$      | Escaped with the Orb!

Illustrated notes

Levels and vault maps discovered:
D:1:      roderic_crop_circles_arrival_small, layout_loops_ring,
          ebering_ecumenical_altar_hall, chequers_serial_rivers_micro_a
D:2:      layout_rooms, basic_altar, hangedman_decor_points, skrybe_limestone_x,
          kennysheep_cross_room
D:3:      layout_basic
D:4:      layout_rooms, vehumet_statue
D:5:      layout_basic
D:6:      layout_cave_pools, kennysheep_vampire_church, kennysheep_ying_yang,
          enter_ossuary_1, uniq_sigmund
D:7:      minmay_slanted_spiral_squares, layout_loops_ring,
          lemuel_coloured_pillars_altar, minmay_temple_entry_fiery
D:8:      layout_loops_cross, mainiacjoe_overflow_six_doors_small,
          enter_bailey_4, gammafunk_ghost_icy, uniq_maurice
D:9:      layout_loops_ring, mainiacjoe_overflow_concentric_impassable,
          general_overflow_altar
D:10:     layout_irregular_city, mainiacjoe_overflow_catwalk, kennysheep_mini,
          hiddenorc2_lemuel, serial_shops, nicolae_lakefront_shop
D:11:     layout_big_octagon, grunt_lair_entry_orc_guard_hut,
          hellmonk_ghost_happy_afterlife, serial_bayou_pond_d,
          minmay_diamond_spiral
D:12:     layout_long_grid, serial_ice, serial_ice_i, serial_ice_g,
          serial_ice_n, serial_ice_c, tgw_lugonu_bribe, uniq_jorgrun
D:13:     layout_basic, nicolae_letterblocks [nicolae_letter_subblock,
          nicolae_letter_subblock, nicolae_letter_subblock,
          nicolae_letter_subblock, nicolae_letter_subblock,
          nicolae_letter_subblock, nicolae_letter_subblock,
          nicolae_letter_subblock, nicolae_letter_subblock,
          nicolae_letter_subblock, nicolae_letter_subblock,
          nicolae_letter_subblock, nicolae_letter_subblock,
          nicolae_letter_subblock, nicolae_letter_subblock,
          nicolae_letter_subblock, nicolae_letter_subblock,
          nicolae_letter_subblock, nicolae_letter_subblock,
          nicolae_letter_subblock, nicolae_letter_subblock,
          nicolae_letter_subblock, nicolae_letter_subblock,
          nicolae_letter_subblock, nicolae_letter_subblock]
D:14:     layout_loops_corners, erik_vaults_2, serial_glass, glass_columns_a,
          glass_columns_a, glass_columns_a, glass_columns_a, glass_columns_c,
          glass_columns_b, glass_columns_a, glass_columns_a,
          due_unseen_surprise, elyvilon_altar_4, tgw_xom, uniq_josephine
D:15:     grunt_enter_depths_magical_seal, layout_loops_corners, minivault_11,
          reono_crystal_passage
Temple:   hellmonk_temple_two_chambers
Lair:1:   layout_misc_corridors, grunt_megastairs_3, lemuel_fruit_fields
Lair:2:   layout_chaotic_city, shoals_dummy_entry, lemuel_fruit_tree,
          serial_bayou_shore_a
Lair:3:   layout_cave_pods, minmay_snake_entry_six_corridors
Lair:4:   layout_regular_city, grunt_megastairs_5, infiniplex_staircase_pool
Lair:5:   due_jungle_book, layout_loops_ring, slime_entry_1,
          gammafunk_ghost_hive, basic_altar, st_stairs_8,
          nicolae_quartered_pool_impasse, nicolae_lair_yak_garden
Shoals:1: layout_shoals
Shoals:2: nzn_motion_control, layout_shoals, nicolae_shoals_secluded_bog
Shoals:3: layout_shoals, nicolae_shoals_water_shrine
Shoals:4: shoals_end_simple, layout_shoals,
          portal_ice_cave_entry_ice_statue_two, nicolae_shoals_elemental_ambush
Snake:1:  layout_gridlike
Snake:2:  layout_onion_interference, grunt_ministairs_13, minmay_shoptagon,
          uniq_aizul, uniq_vashnia, uniq_mlioglotl
Snake:3:  layout_misc_corridors, uniq_agnes
Snake:4:  hellmonk_snake_rune_quicksilver_temple, layout_rooms,
          hangedman_snake_corridor_cut
Orc:1:    layout_caves, basic_altar, statue_in_the_mist_lemuel,
          blackcustard_rock_pile
Orc:2:    st_orc_congregation, layout_caves, serial_shops, shop,
          nicolae_shop_overgrown_old_shop, shop, uniq_saint_roka
Elf:1:    minmay_elf_arrival_circle, layout_geoelf_grid,
          hangedman_elven_crosses_minicolossus, corexii_leaking_fountain,
          grunt_megastairs_4
Elf:2:    elven_hall_of_blades_hangedman_original [nicolae_blade_lattice],
          layout_gridlike, special_room [special_room_orc], serial_shops,
          nicolae_shop_stone, lemuel_flamethrower_2, lemuel_upstairs_altar
Elf:3:    minmay_elf_hall, layout_geoelf_octagon, minmay_misc_feat_ornament,
          uniq_roxanne
Vaults:1: infiniplex_enter_wizlab_spiral, v_rooms_5, v_alt_pattern_2, st_star,
          nicolae_vaults_trapezoid_lopsided_1, v_misc_1, hangedman_vaults_hat,
          grunt_vaults_hallway_long, nicolae_vaults_little_squares_5,
          nicolae_vaults_house_1, ontoclasm_vaults_chip,
          layout_vaults_maze_bifur
Vaults:2: nicolae_vaults_what_the_h, nicolae_vaults_weapon_check,
          ontoclasm_vaults_ring_large, nicolae_vaults_closet_pinwheel_5,
          v_misc_13, nicolae_vaults_shrinking_rooms_2,
          nicolae_vaults_more_shelving_2, hangedman_vaults_restitches,
          nicolae_vaults_tetromino_L_2, nicolae_vaults_tetromino_L_2,
          vaults_dpeg_hooks, layout_vaults_ring, serial_shops, shop
Vaults:3: gammafunk_dig_for_victory, vaults_mumra_hex, nicolae_vaults_alarming,
          minmay_crypt_entry_simple_box, ontoclasm_vaults_chip,
          nicolae_vaults_diamond_1, nicolae_vaults_closet_pinwheel_4,
          layout_vaults_big_room, serial_shops, freezing_bzr
Vaults:4: hangedman_vaults_maws, vaults_room_pools, grunt_vaults_focal,
          v_misc_4, vaults_room_pool, v_misc_12, v_misc_27,
          nicolae_vaults_diamond_2, dpeg_vaults_monster_box,
          nicolae_vaults_trapezoid_lopsided_1, nicolae_vaults_yaktaur_gun_rack,
          nicolae_vaults_shelves_hall, nicolae_vaults_rhombus_5,
          nicolae_vaults_cochlea, layout_vaults_omnibox
Vaults:5
Depths:1: layout_cave_shapes, grunt_decor_clamped,
          grunt_hell_entry_demonic_statue, nicolae_rare_books,
          minmay_tree_intersection, grunt_ministairs_7, corner_web_ring,
          minmay_misc_feat_cross, nicolae_gozag_seed_capital
Depths:2: cheibrodos_lost_city_excavation, layout_cave_shapes,
          hangedman_coc_ice_floe, rand_demon_pan_entry_3,
          nicolae_uskayaw_en_pointe, ebering_ghost_reflecting_pool,
          infiniplex_staircase_squiggle
Depths:3: minmay_shrinking_squares, layout_cave_pools, enter_ziggurat_d,
          pf_dread_powers_of_hell, minmay_room_of_horrors
Depths:4: evilmike_zot_entry_diamond, layout_gridlike, serial_shops, shop,
          grunt_pan_entry_spiral, nicolae_figureground_pulse, hell_entry,
          amcnicky_mini_corridor_feature
Zot:1:    infiniplex_zot_generator, layout_twisted_circle,
          regret_index_zotdec_glowing_original, st_small_dragon_hoard_3
Zot:2:    layout_basic
Zot:3:    layout_onion
Zot:4:    hellmonk_paralyzer, layout_twisted_circle,
          regret_index_zotdec_gossamer_parallel, ebering_ghost_xom, st_stairs_9,
          grunt_ministairs_13
Zot:5:    layout_misc_corridors

Skill      XL: |  1  2  3  4  5  6  7  8  9 10 11 12 13 14 15 16 17 18 19 20 21 22 23 24 25 26 27 |
---------------+----------------------------------------------------------------------------------+-----
Polearms       | 3 4 5 7 8 |  8.6
Fighting       | 4 5 6 7 8 10 12 14 15 17 20 22 23 24 25 26 27 | 27.0
Shapeshifting  | 8 10 16 19 22 23 24 25 27 | 27.0
Unarmed Combat | 6 11 14 16 18 19 20 22 23 24 27 | 27.0
Dodging        | 5 10 16 18 19 21 23 24 26 27 | 27.0
Stealth        | 6 |  6.7
Armour         | |  2.1
Shields        | |  3.0

Action                     |  1- 3 |  4- 6 |  7- 9 | 10-12 | 13-15 | 16-18 | 19-21 | 22-24 | 25-27 || total
---------------------------+-------+-------+-------+-------+-------+-------+-------+-------+-------++-------
  Melee: Trident           |   100 |   137 |   414 |   124 |    22 |       |       |       |       ||   797
         Unarmed           |       |       |    12 |   381 |   942 |   737 |   745 |   764 |   447 ||  4028
         Constrict         |       |       |     2 |    89 |   174 |       |       |       |       ||   265
         Tailslap          |       |       |       |     1 |       |       |       |       |       ||     1
         Punch             |       |       |       |       |     6 |    95 |   101 |   100 |    85 ||   387
 Invoke: Call Merchant     |       |       |       |     2 |     2 |     3 |     2 |       |       ||     9
         Potion Petition   |       |       |       |       |       |     1 |       |       |       ||     1
         Bribe Branch      |       |       |       |       |       |       |       |       |     3 ||     3
Ability: Blinkbolt         |       |       |       |       |     9 |    73 |    61 |    68 |    20 ||   231
  Evoke: Wand              |       |     9 |     3 |    14 |     5 |     3 |     2 |     3 |     1 ||    40
         Phial of floods   |       |       |       |       |     1 |       |       |       |       ||     1
    Use: Scroll            |       |     5 |    12 |    15 |    20 |     7 |     7 |     3 |     7 ||    76
         Potion            |       |       |     1 |     5 |    15 |     4 |     3 |     4 |    10 ||    42
   Stab: Sleeping          |       |     1 |       |       |     5 |       |     4 |     1 |     1 ||    12
         Distracted        |       |       |     1 |     7 |     8 |     9 |    16 |    16 |    12 ||    69
         Petrified         |       |       |       |       |     2 |       |       |       |       ||     2
         Fleeing           |       |       |       |       |       |     1 |       |       |       ||     1
         Held in net/web   |       |       |       |       |       |     1 |       |       |       ||     1
         Invisible         |       |       |       |       |       |       |       |     6 |     2 ||     8
 Armour: Scale mail        |    57 |     7 |       |       |       |       |       |       |       ||    64
         Leather armour    |       |    50 |    38 |       |       |       |       |       |       ||    88
         Ring mail         |       |       |   100 |    42 |       |       |       |       |       ||   142
         Skin              |       |       |    11 |   214 |   538 |   190 |   156 |   115 |    72 ||  1296
  Dodge: Dodged            |    40 |    66 |   181 |   283 |   409 |   764 |   771 |   738 |   530 ||  3782
  Block: Buckler           |    28 |    19 |    65 |    18 |     6 |       |       |       |       ||   136
   Form: Anaconda          |       |       |     1 |     1 |     1 |       |       |       |       ||     3
                           |       |       |     1 |       |       |       |       |       |       ||     1
         Storm             |       |       |       |       |     2 |       |       |       |       ||     2

Table legend: (Time is in decaauts)
 A = Elapsed time spent in this place.
 B = Non-inter-level travel time spent in this place.
 C = Inter-level travel time spent in this place.
 D = Time resting spent in this place.
 E = Time spent auto-exploring this place.
 F = Levels seen in this place.
 G = Mean time per level.
                   A        B        C        D        E       F      G
               +--------+--------+--------+--------+--------+-----+--------+
         Total |  46005 |  41570 |   4435 |   3161 |  29785 |  60 |  766.8 |
       Dungeon |  14600 |  13121 |   1479 |   1066 |   9808 |  15 |  973.3 |
        Temple |     12 |      2 |     10 |      0 |      0 |   1 |   12.0 |
          Lair |   7335 |   6833 |    502 |    526 |   5271 |   5 | 1467.0 |
        Shoals |   3095 |   2490 |    605 |    122 |   1636 |   4 |  773.8 |
     Snake Pit |   3724 |   3443 |    281 |     88 |   2797 |   4 |  931.0 |
  Orcish Mines |   3688 |   3426 |    262 |    594 |   2174 |   2 | 1844.0 |
   Elven Halls |   2519 |   2248 |    271 |    351 |   1322 |   3 |  839.7 |
        Vaults |   5176 |   4825 |    351 |      0 |   3692 |   5 | 1035.2 |
        Depths |   2725 |   2491 |    234 |      1 |   1864 |   4 |  681.2 |
           Zot |   1410 |    973 |    437 |      6 |    547 |   5 |  282.0 |
      Ziggurat |    345 |    345 |      0 |      0 |    201 |   8 |   43.1 |
        Bazaar |     57 |     57 |      0 |      0 |     40 |   1 |   57.0 |
       Ossuary |    248 |    248 |      0 |      0 |     88 |   1 |  248.0 |
        Bailey |    718 |    718 |      0 |    405 |    109 |   1 |  718.0 |
        Wizlab |    347 |    347 |      0 |      0 |    235 |   1 |  347.0 |
               +--------+--------+--------+--------+--------+-----+--------+

Top non-repeatable levels by time:
   Orc:2: 2727 daAuts
  Lair:5: 2577 daAuts
    D:14: 1491 daAuts
  Lair:4: 1453 daAuts
  Lair:3: 1377 daAuts
     D:7: 1376 daAuts
    D:15: 1374 daAuts
 Snake:2: 1347 daAuts
Vaults:5: 1312 daAuts
    D:12: 1277 daAuts
    D:10: 1249 daAuts
Vaults:2: 1103 daAuts
Shoals:4: 1083 daAuts
   Elf:3: 1058 daAuts
Depths:1: 1030 daAuts
